 Dungeon Crawl Stone Soup version 0.24.0-37-gcf1ca852f1 (console) character file.

Game seed: 13742876362584864042, levelgen mode: deterministic

477 bli the Insei (level 6, -4/47 HPs)
             Began as a Draconian Transmuter on Nov 23, 2019.
             Was an Initiate of Ru.
             Slain by an orc
             ... wielding a +0 club
              (7 damage)
             ... on level 4 of the Dungeon.
             The game lasted 00:12:54 (5086 turns).

bli the Insei (Draconian Transmuter)                Turns: 5086, Time: 00:12:55

Health: -4/47      AC:  6    Str: 13    XL:     6   Next: 85%
Magic:  8/9        EV: 14    Int: 13    God:    Ru [......]
Gold:   200        SH:  0    Dex: 13    Spells: 4/10 levels left

rFire    . . .     SeeInvis .     - Unarmed
rCold    . . .     Gourm    .   (no shield)
rNeg     . . .     Faith    .   (armour unavailable)
rPois    .         Spirit   .   (helmet restricted)
rElec    .         Reflect  .   (no cloak)
rCorr    +         Harm     .   (no gloves)
MR       .....                  (no boots)
Stlth    ++........             (no amulet)
HPRegen  0.15/turn              m - ring of resist corrosion
MPRegen  0.11/turn              (no ring)

@: appendage (expiring)
A: unfitting armour, horns 2, cold-blooded, AC +6
a: End Transformation, Sacrifice Health, Sacrifice Stealth, Sacrifice Skill,
Reject Sacrifices, Renounce Religion


You were on level 4 of the Dungeon.
You worshipped Ru.
Ru was noncommittal.
You were hungry.
You had grown temporary horns.
You visited 1 branch of the dungeon, and saw 5 of its levels.

You collected 200 gold pieces.

Inventory:

Missiles
 a - 39 arrows
 i - 129 stones (quivered)
 r - a poisoned dart
 x - 5 boomerangs
 y - 2 javelins
Jewellery
 h - an uncursed ring of ice
 m - a ring of resist corrosion (left hand)
 B - an uncursed ring of fire
Wands
 k - a wand of random effects (24)
 A - a wand of flame (22)
Scrolls
 d - a scroll of enchant armour {unknown}
 e - 2 scrolls of fog {unknown}
 j - 2 scrolls of teleportation {unknown}
 l - a scroll of fear {unknown}
 o - 4 scrolls of identify {unknown}
 p - a scroll of noise {unknown}
 s - 2 scrolls of remove curse {unknown}
 u - a scroll of magic mapping {unknown}
 v - a scroll of immolation {unknown}
 w - a scroll of blinking {unknown}
Potions
 b - a potion of magic {unknown}
 f - a potion of agility {unknown}
 g - 2 potions of lignification {unknown}
 n - a potion of mutation {unknown}
 q - a potion of heal wounds {unknown}
 t - 2 potions of brilliance {unknown}
Comestibles
 c - 6 rations
 z - 3 chunks of flesh


   Skills:
 + Level 1.6 Fighting
 * Level 3.8 Dodging
 + Level 0.8 Stealth
 * Level 6.1 Unarmed Combat
 + Level 2.6 Spellcasting
 + Level 2.2 Transmutations


You had 4 spell levels left.
You knew the following spells:

 Your Spells              Type           Power        Failure   Level  Hunger
a - Beastly Appendage     Tmut           #.....       10%         1    #......
b - Spider Form           Tmut/Pois      #.........   41%         3    ###....
S - Sticks to Snakes      Tmut           #.......     14%         2    ###....

Your spell library contained the following spells:

 Spells                   Type           Power        Failure   Level  Hunger
 Ice Form                 Ice/Tmut       #.......     83%         4    #####..
 Blade Hands              Tmut           #.........   95%         5    ######.


Dungeon Overview and Level Annotations

Branches:
Dungeon (5/15)
 Temple: D:4-7

Altars:
Gozag
Nemelex Xobeh
Ru
Vehumet
Wu Jian


Innate Abilities, Weirdness & Mutations

Your plain brown scales are hard. (AC +6)
You cannot fit into any form of body armour.
You are cold-blooded and may be slowed by cold attacks.
You have a pair of horns on your head.


Message History

You grow a pair of large bovine horns.
The orc hits you with a +0 short sword. Something hits you. The orc misses you.
Something hits you but does no damage. The orc hits you with a +0 short sword.
You punch the orc!
You kill the orc!
The orc closely misses you. Something hits you. Something barely misses you.
The orc closely misses you.
You hit something but do no damage. The orc hits you but does no damage.
Something hits you but does no damage. x2
The orc hits you with a +0 club. The orc closely misses you.
You hit something but do no damage. Something barely misses you.
The orc closely misses you. Something hits you.
* * * LOW HITPOINT WARNING * * *
You hit something. You tail-slap something. The orc barely misses you.
The orc hits you with a +1 flail of protection!
* * * LOW HITPOINT WARNING * * *
The orc hits you but does no damage. Something hits you but does no damage.
You are feeling hungry.
You hit something. Your headbutt misses something.
Your transformation is almost over.
Something hits you.
* * * LOW HITPOINT WARNING * * *
The orc hits you with a +0 club!
You die...

###.#......##
##...#.......# #
#..########..### ..##
##.## ##.......#
....## ###†.#
#..#####.....
#...##.††######.##
####. #..#.### #....#
#. ##...# #.#### #.
#....## #.# #.
#...#...####.# #.
#.....#...@o.## #.
...#.#.#..o{o..######
#.
..#.o.#...#####......#
##. #...^....##
######.### #..
..#.#.#. #...####.#
#.....#.# ###......#
...##. #### #####...
.. ## .....######..##
.. #........## ..#
####.###.# ..#
#...###.##


You could see 3 orcs.

Vanquished Creatures
  An orc priest (D:4)
  2 hounds
  Ijyb (D:3)
  An iguana (D:3)
  4 orc wizards
  2 worker ants
  Robin (D:3)
  5 adders
  3 worms
  3 dart slugs
  3 leopard geckos
  14 orcs
  2 giant cockroaches
  13 goblins
  14 hobgoblins
  5 jackals
  11 kobolds
  A ball python (D:3)
  8 bats
  4 frilled lizards
  A jackal skeleton (D:4)
  8 rats
107 creatures vanquished.

Notes
Turn   | Place    | Note
-------+----------+-------------------------------------------
     0 | D:1      | bli the Draconian Transmuter began the quest for the Orb.
     0 | D:1      | Reached XP level 1. HP: 16/16 MP: 3/3
   503 | D:1      | Reached XP level 2. HP: 23/23 MP: 5/5
  1211 | D:2      | Reached skill level 4 in Unarmed Combat
  1240 | D:2      | Reached XP level 3. HP: 21/28 MP: 4/6
  1432 | D:2      | Found a sacrificial altar of Ru.
  1440 | D:2      | Became a worshipper of Ru the Awakened
  1482 | D:2      | Reached XP level 4. HP: 13/35 MP: 5/7
  2572 | D:2      | Learned a level 2 spell: Sticks to Snakes
  2577 | D:3      | Noticed Robin
  2714 | D:2      | Reached skill level 5 in Unarmed Combat
  2941 | D:3      | Found an ornate altar of the Wu Jian Council.
  3182 | D:3      | Reached XP level 5. HP: 36/40 MP: 8/8
  3191 | D:3      | Learned a level 3 spell: Spider Form
  3219 | D:3      | Noticed Ijyb
  3250 | D:3      | Killed Ijyb
  3442 | D:3      | Killed Robin
  4020 | D:3      | Reached XP level 6. HP: 40/47 MP: 9/9
  4121 | D:4      | Found a radiant altar of Vehumet.
  4860 | D:4      | Reached skill level 6 in Unarmed Combat
  4955 | D:4      | Found a sparkling altar of Nemelex Xobeh.
  4988 | D:4      | Found an opulent altar of Gozag.
  5073 | D:5      | Entered Level 5 of the Dungeon
  5086 | D:4      | Slain by an orc

Levels and vault maps discovered:
D:1:      minmay_arrival_widening_spiral_wide, layout_basic,
          hangedman_decor_lopped
D:2:      layout_basic, nicolae_overflow_crystal_walls, minmay_joined_circles
D:3:      layout_basic, lemuel_doored_altar, minmay_misc_feat_plants,
          uniq_robin, uniq_ijyb
D:4:      layout_rooms, nicolae_gozag_seed_capital, kennysheep_mini_moat,
          old_standard_altar
D:5:      layout_rooms, first_ration, minmay_liquid_box, uniq_edmund,
          uniq_crazy_yiuf_cottage, uniq_pikel, uniq_sigmund

Skill      XL: |  1  2  3  4  5  6 |
---------------+-------------------+-----
Dodging        | 2 3 |  3.8
Unarmed Combat | 4 5 6 |  6.1
Fighting       | |  1.6
Stealth        | |  0.8
Spellcasting   | |  2.6
Transmutations | |  2.2

Action                   |  1- 3 |  4- 6 || total
-------------------------+-------+-------++-------
Melee: Unarmed           |   133 |   318 ||   451
       Tailslap          |    14 |    29 ||    43
       Headbutt          |     1 |     8 ||     9
       Kick              |     4 |    19 ||    23
       Punch             |       |     4 ||     4
 Cast: Beastly Appendage |     7 |    32 ||    39
 Stab: Sleeping          |     1 |       ||     1
  Eat: Chunk             |     2 |    12 ||    14
Armor: Skin              |    29 |    89 ||   118
Dodge: Dodged            |    67 |   195 ||   262
